 Dungeon Crawl Stone Soup version 0.26-a0-540-g8a0c9464d7 (webtiles) character file.

Game seed: 2411548709651380411

(classic levelgen) 3 EnegeticOcto the Shield-Bearer (level 1, 14/20 HPs)
             Began as a Deep Dwarf Fighter on Aug 17, 2020.
             Quit the game on level 1 of the Dungeon.
             The game lasted 00:01:04 (167 turns).

EnegeticOcto the Shield-Bearer (Deep Dwarf Fighter)  Turns: 167, Time: 00:01:04

Health: 14/20      AC:  6    Str: 19    XL:     1   Next: 41%
Magic:  1/1        EV:  7    Int:  8    God:
Gold:   4          SH:  9    Dex: 12    Spells: 0/0 levels left

rFire    . . .     SeeInvis .   a - +0 war axe
rCold    + . .     Faith    .   c - +0 kite shield
rNeg     . . .     Spirit   .   b - +0 scale mail
rPois    .         Reflect  .   (no helmet)
rElec    .         Harm     .   (no cloak)
rCorr    .                      (no gloves)
MR       .....                  (no boots)
Stlth    ..........             (no amulet)
HPRegen  0.00/turn              e - ring of protection from cold
MPRegen  0.07/turn              (no ring)

@: non-regenerating
A: damage resistance, heal wounds, sense surroundings 1, no regeneration
a: Heal Wounds


You were on level 1 of the Dungeon.
You visited 1 branch of the dungeon, and saw 1 of its levels.

You collected 4 gold pieces.

Inventory:

Hand Weapons
 a - a +0 war axe (weapon)
Armour
 b - a +0 scale mail (worn)
 c - a +0 kite shield (worn)
Jewellery
 e - a ring of protection from cold (left hand)
Scrolls
 f - a scroll of fog {unknown}
Potions
 d - a potion of might {@q3}


   Skills:
 - Level 2.6 Fighting
 + Level 2.5 Axes
 - Level 3.2 Armour
 - Level 3.2 Shields


You couldn't memorise any spells.
You didn't know any spells.
Your spell library was empty.

Dungeon Overview and Level Annotations

Branches:
Dungeon (1/15)

Altars:


Innate Abilities, Weirdness & Mutations

You are resistant to damage.
You can heal yourself by infusing magical energy.
You passively map a small area around you.
You do not regenerate.


Message History

Welcome, EnegeticOcto the Deep Dwarf Fighter.
The bosom of this dungeon contains the fabulous artefact, the Orb of Zot.
Press ? for a list of commands and other information.
Found a scroll labeled WOZUMA OWNEIT and 4 gold pieces.
Found a staircase leading out of the dungeon.
You now have 4 gold pieces.
You open the gate.
Found a wooden ring.
There is an open gate here.
e - a wooden ring
e - a ring of protection from cold (left hand)
Found a scroll labeled JOKLIU OXIXKE.
f - a scroll labeled JOKLIU OXIXKE You open the door.
There is an open door here.
A rat comes into view.
A rat is nearby!
You open the door.
There is an open door here.
A rat is nearby!
You slash the rat!
You kill the rat!
No target in view!
No target in view!
No target in view!
No target in view!
No target in view!
No target in view!
A goblin comes into view. It is wielding a +0 dagger.
The goblin shouts!
A kobold comes into view. It is wielding a +0 short sword.
Found a ring mail.
The kobold throws a stone.
You block the stone.
You barely miss the goblin. The goblin barely misses you.
The goblin hits you but does no damage.
You closely miss the goblin. You slash the kobold!
You kill the kobold!
A kobold comes into view. It is wielding a +0 club.
The goblin hits you with a +0 dagger.
You miss the goblin.
The kobold shouts!
You block the goblin's attack. The goblin barely misses you.
You closely miss the goblin. The goblin barely misses you.
Your shield prevents you from hitting the goblin.
The goblin hits you with a +0 dagger. x2
The kobold hits you but does no damage.
You closely miss the goblin. You closely miss the kobold.
You block the goblin's attack. The kobold closely misses you.
You barely miss the goblin. You closely miss the kobold.
You block the goblin's attack. The kobold hits you with a +0 club.
The goblin hits you but does no damage. The kobold hits you but does no damage.
You barely miss the goblin. You slash the kobold!
You kill the kobold!
You block the goblin's attack.
You closely miss the goblin. The goblin hits you with a +0 dagger.
The goblin hits you but does no damage.
You hit the goblin.
You kill the goblin!
No target in view!
No target in view!
No target in view!
No target in view!
No target in view!
No target in view!
No target in view!
No target in view!
No target in view!
No target in view!
No target in view!
No target in view!
No target in view!
Things that are here:
a +0 club; a +0 short sword; a stone You see here a +0 dagger.
Are you sure you want to abandon this character and quit the game? (Confirm with "yes".)

, , , * * ,
, * , , ## *
,* , ....#
,, , * #.#.#
* ,#.#.# * *
* #.#.#+####
,#.#......#
#,#.#.@....#
#.#.#....[.#
#.....)....#
,
####.#)....#
#.#####.#
#.#####.#
#.....#,#
#####.# #.#
*


There were no monsters in sight!

Vanquished Creatures
  A goblin (D:1)
  2 kobolds (D:1)
  A rat (D:1)
4 creatures vanquished.

Notes
Turn   | Place    | Note
-------+----------+-------------------------------------------
     0 | D:1      | EnegeticOcto the Deep Dwarf Fighter began the quest for the
                  | Orb.
     0 | D:1      | Reached XP level 1. HP: 20/20 MP: 1/1
   167 | D:1      | Quit the game

Illustrated notes

Levels and vault maps discovered:
D:1:      kennysheep_arrival_forest, layout_basic

Action                   || total
-------------------------++-------
Melee: War axe           ||    11
Armor: Scale mail        ||     3
Dodge: Dodged            ||     4
Block: Kite shield       ||     5

Table legend: (Time is in decaauts)
 A = Elapsed time spent in this place.
 B = Non-inter-level travel time spent in this place.
 C = Inter-level travel time spent in this place.
 D = Time resting spent in this place.
 E = Time spent auto-exploring this place.
 F = Levels seen in this place.
 G = Mean time per level.
                   A        B        C        D        E       F      G
               +--------+--------+--------+--------+--------+-----+--------+
         Total |    171 |    171 |      0 |      0 |      0 |   1 |  171.0 |
       Dungeon |    171 |    171 |      0 |      0 |      0 |   1 |  171.0 |
               +--------+--------+--------+--------+--------+-----+--------+

Top non-repeatable levels by time:
     D:1: 171 daAuts
